 Dungeon Crawl Stone Soup version 0.23.2-1-ga50397a (webtiles) character file.

Game seed: 5000715197684965772

1644 HASTUR3 the Grappler (level 8, -3/120 HPs)
             Began as a Troll Monk on May 23, 2019.
             Slain by a centaur zombie (7 damage)
             ... on level 6 of the Dungeon.
             The game lasted 00:17:26 (4199 turns).

HASTUR3 the Grappler (Troll Monk)                   Turns: 4199, Time: 00:17:27

Health: -3/120     AC:  0    Str: 25    XL:     8   Next: 67%
Magic:  7/7        EV: 17    Int:  6    God:
Gold:   227        SH:  0    Dex: 14    Spells: 7/7 levels left

rFire    . . .     SeeInvis .     - Unarmed
rCold    . . .     Gourm    +   (shield currently unavailable)
rNeg     . . .     Faith    .   (armour currently unavailable)
rPois    .         Spirit   .   (helmet currently unavailable)
rElec    .         Reflect  .   (cloak currently unavailable)
rCorr    .         Harm     .   (gloves unavailable)
MR       .....                  (boots unavailable)
Stlth    ..........             (no amulet)
HPRegen  0.70/turn              (ring currently unavailable)
MPRegen  0.10/turn              (ring currently unavailable)

@: berserking, pig-form (expiring), very quick
A: small, unfitting armour, fast metabolism 3, gourmand, regeneration 1
a: no special abilities


You were on level 6 of the Dungeon.
You were completely stuffed.
You were a filthy swine.
You visited 1 branch of the dungeon, and saw 6 of its levels.

You collected 227 gold pieces.

Inventory:

Armour
 p - a +2 robe of positive energy (melded)
Jewellery
 n - an uncursed ring of wizardry {unknown}
 o - an uncursed amulet of faith {unknown}
 w - an uncursed ring of ice {unknown}
Wands
 a - a wand of digging (5)
 k - a wand of flame (24)
 v - a wand of paralysis (10)
 x - a wand of polymorph (16)
Scrolls
 c - 3 scrolls of remove curse {unknown}
 d - a scroll of noise {unknown}
 e - 2 scrolls of fear {unknown}
 f - a scroll of enchant armour {unknown}
 i - 8 scrolls of identify
 j - 2 scrolls of enchant weapon {unknown}
 l - 2 scrolls of teleportation {unknown}
 m - a scroll of fog {unknown}
 r - a scroll of immolation {unknown}
 s - a scroll of magic mapping {unknown}
Potions
 g - a potion of curing
 h - a potion of berserk rage
 q - a potion of invisibility {unknown}
 u - a potion of resistance {unknown}
 z - a potion of lignification {unknown}
 A - a potion of brilliance {unknown}
Comestibles
 b - 17 rations
 t - 10 chunks of flesh


   Skills:
 * Level 5.3 Fighting
 * Level 5.3 Dodging
 - Level 1.0 Stealth
 + Level 8.1 Unarmed Combat


You had 7 spell levels left.
You didn't know any spells.
Your spell library was empty.

Dungeon Overview and Level Annotations

Branches:
Dungeon (6/15)
 Temple: D:4-7

Altars:
Gozag
Hepliaklqana
Kikubaaqudgha
Nemelex Xobeh
Ru
Trog
Xom

Annotations:
D:6 Dowan, Duvessa


Innate Abilities, Weirdness & Mutations

You are too large for most types of armour.
((You have claws for hands.))
Your metabolism is lightning-fast.
You like to eat raw meat.
Your natural rate of healing is unusually fast.
((You are covered in fur. (AC +1)))
((You have extremely tough skin. (AC +3)))


Message History

The centaur is almost dead.
The centaur zombie hits you.
* * * LOW HITPOINT WARNING * * *
You barely miss the centaur.
The centaur is almost dead.
The centaur completely misses you. The centaur zombie closely misses you.
You bite the centaur!
You kill the centaur!
The centaur zombie misses you.
You bite the centaur zombie!
The centaur zombie is moderately damaged.
You bite the centaur zombie!
The centaur zombie is severely damaged.
The centaur zombie hits you.
* * * LOW HITPOINT WARNING * * *
The ooze closely misses you.
You hit the centaur zombie.
The centaur zombie is severely damaged.
The centaur zombie hits you!
You die...

#######...###...........##.#
#...# ##.#.........#.#
#...####(#..######.#(#
...... ......# #.#.# .......
....>##### #.#.#
###########.#.....# #.#.#
#.#####.# #.#.# # #(#
#.###.#.# ...
#h#####.....#)#
.....#####JZe........))#
#......eJ((eZY...........#
#Z.....#####...........(##
#......#...(.......######
#......#...........#
#......#(..........#
#Z.....#.Z.........#
#......#(..........#


You could see Duvessa, an ice beast, Dowan, an ooze, a worker ant zombie and a
centaur zombie.

Vanquished Creatures
  The ghost of DavidChitty2 the Chopper, an amateur HOFi of Beogh (D:4)
  Eustachio (D:5)
  An orc warrior (D:5)
  2 ogres
  A centaur (D:6)
  4 wights (D:6)
  2 crimson imps
  A bullfrog zombie (D:5)
  2 hounds
  4 orc priests (D:5)
  A centaur skeleton (D:4)
  6 orc wizards
  A bullfrog skeleton (D:4)
  3 worker ants
  8 gnolls
  A howler monkey skeleton (D:4)
  11 adders
  2 worms
  3 leopard geckos
  24 orcs
  6 giant cockroaches
  9 goblins
  3 hobgoblins
  7 jackals (D:5)
  A quokka (D:2)
  2 ball pythons
  4 bats
  8 frilled lizards
  2 kobolds (D:2)
  A quokka skeleton (D:5)
  5 rats
127 creatures vanquished.

Vanquished Creatures (others)
  5 dream sheep (D:5)
5 creatures vanquished.

Grand Total: 132 creatures vanquished

Notes
Turn   | Place    | Note
-------+----------+-------------------------------------------
     0 | D:1      | HASTUR3 the Troll Monk began the quest for the Orb.
     0 | D:1      | Reached XP level 1. HP: 22/22 MP: 0/0
    95 | D:1      | You fall through a shaft!
    96 | D:2      | Found a sparkling altar of Nemelex Xobeh.
   318 | D:1      | Reached XP level 2. HP: 29/29 MP: 1/1
  1050 | D:2      | Reached XP level 3. HP: 33/36 MP: 2/2
  1544 | D:3      | Reached XP level 4. HP: 45/45 MP: 3/3
  1573 | D:3      | Reached skill level 4 in Unarmed Combat
  1641 | D:3      | Found an opulent altar of Gozag.
  1796 | D:3      | Found a hazy altar of Hepliaklqana.
  2022 | D:4      | Noticed an ogre
  2029 | D:4      | Killed an ogre
  2029 | D:4      | Reached skill level 5 in Unarmed Combat
  2029 | D:4      | Reached XP level 5. HP: 17/53 MP: 4/4
  2095 | D:4      | Found a runed translucent door.
  2097 | D:4      | Noticed DavidChitty2's ghost (amateur HOFi)
  2173 | D:4      | Reached skill level 6 in Unarmed Combat
  2173 | D:4      | Reached XP level 6. HP: 25/61 MP: 5/5
  2198 | D:4      | HP: 3/61 [DavidChitty2's ghost (15)]
  2200 | D:4      | HP: 1/61 [DavidChitty2's ghost (14)]
  2307 | D:4      | Killed DavidChitty2's ghost
  2307 | D:4      | Reached skill level 7 in Unarmed Combat
  2590 | D:4      | Found an ancient bone altar of Kikubaaqudgha.
  2671 | D:4      | Reached XP level 7. HP: 67/67 MP: 6/6
  2835 | D:4      | Found a sacrificial altar of Ru.
  3042 | D:5      | Entered Level 5 of the Dungeon
  3245 | D:5      | Noticed a dream sheep
  3245 | D:5      | Noticed a dream sheep
  3245 | D:5      | Noticed a dream sheep
  3245 | D:5      | Noticed a dream sheep
  3245 | D:5      | Noticed a dream sheep
  3245 | D:5      | Found a shimmering altar of Xom.
  3250 | D:5      | Killed a dream sheep
  3250 | D:5      | Killed a dream sheep
  3250 | D:5      | Killed a dream sheep
  3251 | D:5      | Killed a dream sheep
  3252 | D:5      | Killed a dream sheep
  3537 | D:5      | Reached XP level 8. HP: 77/78 MP: 7/7
  3623 | D:5      | Noticed Eustachio
  3631 | D:5      | Killed Eustachio
  3706 | D:5      | Found a bloodstained altar of Trog.
  4049 | D:6      | Reached skill level 5 in Fighting
  4054 | D:6      | Reached skill level 5 in Dodging
  4054 | D:6      | Reached skill level 8 in Unarmed Combat
  4161 | D:6      | Noticed Dowan
  4162 | D:6      | Noticed Duvessa
  4198 | D:6      | HP: 3/120 [centaur zombie (6)]
  4199 | D:6      | Slain by a centaur zombie

Skill      XL: |  1  2  3  4  5  6  7  8 |
---------------+-------------------------+-----
Dodging        | 3 4 5 |  5.3
Fighting       | 3 4 5 |  5.3
Unarmed Combat | 5 6 7 8 |  8.1
Stealth        | |  1.0

Action                   |  1- 3 |  4- 6 |  7- 9 || total
-------------------------+-------+-------+-------++-------
Melee: Unarmed           |    88 |   102 |   166 ||   356
       Punch             |     1 |     1 |     5 ||     7
  Use: Potion            |       |     4 |     2 ||     6
       Scroll            |       |     1 |       ||     1
 Stab: Sleeping          |     1 |       |     2 ||     3
  Eat: Chunk             |    20 |    10 |    14 ||    44
Armor: Robe              |    35 |    39 |    40 ||   114
Dodge: Dodged            |    48 |    39 |    77 ||   164
